 Dungeon Crawl Stone Soup version 0.25-a0-435-g4b9beb1024 (webtiles) character file.

Game seed: 760549027821125340, levelgen mode: classic

12677 EnegeticOcto the Cleaver (level 11, -16/141 HPs)
             Began as a Demigod Fighter on Jan 29, 2020.
             Demolished by a shadow (25 damage)
             ... in a Gauntlet.
             The game lasted 00:29:44 (17989 turns).

EnegeticOcto the Cleaver (Demigod Fighter)         Turns: 17989, Time: 00:29:45

Health: -16/141    AC: 25    Str: 30    XL:     11   Next: 39%
Magic:  17/17      EV:  2    Int: 12    God:
Gold:   646        SH: 12    Dex: 15    Spells: 8/10 levels left

rFire    . . .     SeeInvis .   a - +1 war axe
rCold    . . .     Gourm    .   c - +0 shield
rNeg     + + +     Faith    .   (armour currently unavailable)
rPois    +         Spirit   .   (helmet currently unavailable)
rElec    .         Reflect  .   (cloak currently unavailable)
rCorr    .         Harm     +   (gloves currently unavailable)
MR       ++...     NoTele   +   (boots currently unavailable)
Stlth    +.........             P - amulet of harm
HPRegen  0.33/turn              J - ring of protection from magic
MPRegen  0.15/turn              (no ring)

@: mighty, tree-form
A: high mp 1
a: no special abilities


You were in a Gauntlet.
You were not hungry.
You were a tree.
You visited 2 branches of the dungeon, and saw 13 of its levels.
You also visited: Ossuary and Gauntlet.

You collected 646 gold pieces.

Inventory:

Hand Weapons
 a - a +1 war axe (weapon)
 m - a +0 shortbow
 s - a +2 scimitar of flaming
 w - a +0 trident
 D - a +0 hand crossbow
Missiles
 h - 180 bolts
 k - 269 arrows
 l - 28 poisoned darts (quivered)
 y - 6 curare-tipped darts
 N - 7 javelins
Armour
 c - a +0 shield (worn)
 j - a +1 pair of boots
 p - a +0 cloak (melded)
 x - a +0 plate armour (melded)
 A - the +1 pair of boots of the Shoals (melded) {*Drain Dex+5}
   (You found it in a Gauntlet)

   It affects your dexterity (+5).
   It causes draining when unequipped.
   If you remove this armour, your AC will rise 0 points (25 -> 25)
 K - a +2 hat (melded)
Jewellery
 I - an uncursed amulet of rage
 J - a ring of protection from magic (left branch)
 P - an amulet of harm (around neck)
Wands
 b - a wand of random effects (13)
 z - a wand of clouds (2)
 C - a wand of flame (30)
 F - a wand of polymorph (2)
 H - a wand of disintegration (2)
 L - a wand of iceblast (13)
Scrolls
 d - 4 scrolls of remove curse {@r2}
 g - 4 scrolls of magic mapping {@r5 !r}
 i - 4 scrolls of blinking {@r4}
 o - 2 scrolls of teleportation {@r3 !r}
 q - 5 scrolls of immolation
 t - a scroll of enchant armour
 O - a scroll of vulnerability
Potions
 n - 4 potions of curing {@q1 !q}
 r - a potion of magic
 u - 7 potions of mutation
 v - 3 potions of brilliance
 B - 2 potions of lignification {@q6}
 G - 2 potions of flight
Comestibles
 e - 12 rations


   Skills:
 + Level 7.8 Fighting
 * Level 12.0 Axes
 + Level 5.2 Armour
 + Level 8.5 Shields
 - Level 4.0 Evocations


You had 8 spell levels left.
You knew the following spells:

 Your Spells              Type           Power        Failure   Level  Hunger
Y - Blink                 Tloc           N/A          75%         2    ###....

Your spell library contained the following spells:

 Spells                   Type           Power        Failure   Level  Hunger
 Magic Dart               Conj           #...         58%         1    ##.....
 Call Imp                 Summ           #.......     75%         2    ###....
 Slow                     Hex            #.......     75%         2    ###....
 Conjure Flame            Conj/Fire      #.......     92%         3    ####...
 Mephitic Cloud           Conj/Pois/Air  #.......     92%         3    ####...
 Cause Fear               Hex            #.........   100%        4    #####..
 Silence                  Hex/Air        #.........   100%        5    ######.
 Yara's Violent Unravell  Hex/Tmut       #.........   100%        5    ######.
 Deflect Missiles         Chrm/Air       #.........   100%        6    #######
 Discord                  Hex            #.........   100%        8    #######


Dungeon Overview and Level Annotations

Branches:
Dungeon (11/15)            Temple (0/1) D:7            Lair (2/6) D:9
Ossuary (visited)         Gauntlet (1/1)
  Swamp: Lair:2-4    Shoals: Lair:2-4     Snake: Lair:2-4    Spider: Lair:2-4
    Orc: D:9-12

Shops:
D:10 (

Portals:
Trove: D:10 (give 8 potions of agility)

Annotations:
D:9 1 exclusion
Lair:1 exclusion: 2 oklob plants Gauntlet 9 transporters


Innate Abilities, Weirdness & Mutations

You have an increased reservoir of magic. (+10% MP)


Message History

The shadow enters a dispersal trap!
The shadow blinks! x2; You blink.
The shadow blinks! x3; The shadow hits you.
The shadow enters a dispersal trap!
The shadow blinks!
The moth of wrath's fur bristles in rage as it notices you.
The swamp dragon roars deafeningly!
The shadow slips into darkness.
The shadow flickers and vanishes!
Deactivating autopickup; reactivate with Ctrl-A.
The moth of wrath changes into an eye of devastation!
The shadow enters a dispersal trap!
You blink.
The shadow blinks!
The shadow slips into darkness.
The shadow flickers and vanishes!
The shadow fails to trigger a net trap.
The shadow strikes at you from the darkness!
Reactivating autopickup.
The shadow fails to trigger a net trap.
The shadow slips into darkness.
The shadow flickers and vanishes!
Deactivating autopickup; reactivate with Ctrl-A.
The shadow slips into darkness.
The shadow flickers and vanishes!
Something enters a dispersal trap!
The shadow blinks! x2; You blink.
The shadow enters a dispersal trap!
The shadow blinks! x2; You blink.
The shadow blinks!
Something enters a dispersal trap!
The shadow enters a dispersal trap!
The shadow blinks!
The shadow enters a dispersal trap!
The shadow blinks! x5
You closely miss something.
The shadow strikes at you from the darkness!
Reactivating autopickup.
You slash the shadow!
The shadow is moderately damaged.
The shadow fails to trigger a net trap.
You block the shadow's attack.
The shadow enters a dispersal trap!
The shadow blinks!
Your plate armour prevents you from hitting the shadow.
The shadow is moderately damaged.
You hit the shadow. The shadow hits you. x2
Really quaff the potion of lignification?
You turn into a tree.
Your +0 cloak melds into your body.
Your +2 hat melds into your body.
The +1 pair of boots of the Shoals {*Drain Dex+5} melds into your body.
Your +0 plate armour melds into your body.
Your roots penetrate the ground.
The shadow hits you.
The shadow strikes at you from the darkness!
You block the shadow's attack.
The shadow enters a dispersal trap!
The shadow blinks! x2
You closely miss the shadow.
The shadow is moderately damaged.
You completely miss the shadow.
The shadow slips into darkness.
The shadow flickers and vanishes!
Deactivating autopickup; reactivate with Ctrl-A.
You block the shadow's attack. The shadow hits you.
The shadow strikes at you from the darkness!
* * * LOW HITPOINT WARNING * * *
Reactivating autopickup.
You slash the shadow!
The shadow is severely damaged.
You hit the shadow but do no damage. You barely miss the shadow.
You block the shadow's attack. The shadow hits you.
You block the shadow's attack.
You barely miss the shadow.
The shadow is severely damaged.
You hit the shadow but do no damage. You barely miss the shadow.
You block the shadow's attack. The shadow hits you.
The shadow slips into darkness.
The shadow flickers and vanishes!
Deactivating autopickup; reactivate with Ctrl-A.
Really quaff
n - 5 potions of curing {@q1 !q}?
You feel better.
The shadow slips into darkness.
The shadow flickers and vanishes!
The shadow completely misses you. The shadow hits you.
The shadow strikes at you from the darkness!
* * * LOW HITPOINT WARNING * * *
Reactivating autopickup.
Really quaff
E - a potion of might {@q3 !q}?
You feel very mighty all of a sudden.
The shadow strikes at you from the darkness!
* * * LOW HITPOINT WARNING * * *
The shadow hits you.
The shadow slips into darkness.
The shadow flickers and vanishes!
Deactivating autopickup; reactivate with Ctrl-A.
The shadow slips into darkness.
The shadow flickers and vanishes!
Okay, then.
Unknown command.
Okay, then.
Okay, then.
Okay, then.
You barely miss the shadow.
The shadow is lightly damaged.
You hit something. You slash something!
Reactivating autopickup.
Your Axes skill increases to level 12!
You feel a bit more experienced.
You closely miss the shadow. The shadow hits you.
* * * LOW HITPOINT WARNING * * *
The shadow hits you.
The shadow strikes at you from the darkness!
You die...

.≈...≈.≈.#...#..ZZ##s#...≈#
!.≈%©..≈[#...#########...##
##########.....#§§§#.....≈#
..#.©.#....8...#§8§#...8.##
..#...#........#§©.#......##
..#.©.#.....###########...≈#
#########...#^^.§.....#...##
#.......#...#.#.#W#.#W#...≈#
####.####...#^.#♣#^#..#...##
#..#.#.y#...#.#{#W#^#.#...≈#
#.##©##.#.8.#..#^©.#.§#.8.##
#.#...#.#...#.#.#.#.#§#...≈#
#.#...#D#...#..#^#^#..#...##
#.[!©$..#...#.#.#.#.#.#...≈#
#########...#^..[©[?.^#...##
............###########...§#
....8.....8...............##


You could see 2 shadows.

Vanquished Creatures
  A death scarab (Gauntlet)
  A two-headed ogre (D:10)
  A spectral death yak (Gauntlet)
  A deep troll (D:10)
  An orb spider (D:10)
  A gargoyle (D:10)
  A spiny frog (Lair:1)
  A komodo dragon (Lair:1)
  An efreet (D:9)
  A troll (D:9)
  A shadow (Gauntlet)
  Sigmund (D:5)
  4 hippogriffs
  7 yaks
  2 hungry ghosts
  A porcupine (Lair:1)
  2 water moccasins
  5 orc warriors
  3 black bears
  6 ogres
  2 phantoms
  4 sky beasts
  2 centaurs (D:9)
  3 wolves
  A crocodile (Lair:1)
  4 big kobolds
  6 bullfrogs
  7 scorpions
  8 killer bees
  4 howler monkeys
  4 electric eels (D:9)
  2 centaur zombies (Ossuary)
  4 crimson imps
  A bullfrog zombie (D:11)
  A jelly (D:6)
  11 orc wizards
  2 bullfrog skeletons
  9 hounds
  7 orc priests
  2 centaur skeletons
  6 worker ants
  Terence (D:3)
  2 iguanas
  3 big kobold zombies (Ossuary)
  4 mummies (Ossuary)
  2 howler monkey zombies
  2 worker ant zombies
  7 gnolls
  11 adders
  2 shadow imps
  2 oozes
  A worm zombie (D:7)
  An adder skeleton (D:9)
  4 worms
  A dart slug (D:2)
  10 leopard geckos
  33 orcs
  7 bats
  5 giant cockroaches
  A gnoll zombie (Ossuary)
  6 goblins
  12 hobgoblins
  15 jackals
  3 quokkas
  A ball python (D:1)
  7 frilled lizards
  A goblin zombie (Ossuary)
  32 kobolds
  A leopard gecko skeleton (D:6)
  An orc zombie (Ossuary)
  A quokka skeleton (D:6)
  5 rats
316 creatures vanquished.

Vanquished Creatures (others)
  A howler monkey skeleton (D:10)
  A plant (Lair:1)
2 creatures vanquished.

Grand Total: 318 creatures vanquished

Notes
Turn   | Place    | Note
-------+----------+-------------------------------------------
     0 | D:1      | EnegeticOcto the Demigod Fighter began the quest for the
                  | Orb.
     0 | D:1      | Reached XP level 1. HP: 18/18 MP: 3/3
    53 | D:1      | Reached skill level 2 in Axes
    53 | D:1      | Reached XP level 2. HP: 17/25 MP: 4/4
   366 | D:1      | Reached skill level 3 in Axes
   766 | D:1      | Reached XP level 3. HP: 29/30 MP: 5/5
  1250 | D:2      | Found a glowing golden altar of the Shining One.
  1268 | D:2      | Reached skill level 4 in Axes
  1585 | D:2      | Reached XP level 4. HP: 35/37 MP: 6/6
  2555 | D:3      | Reached XP level 5. HP: 42/42 MP: 7/7
  2678 | D:3      | Learned a level 2 spell: Blink
  2753 | D:3      | Found a glowing golden altar of the Shining One.
  2777 | D:3      | Reached skill level 5 in Axes
  2950 | D:3      | Noticed Terence
  2963 | D:3      | Killed Terence
  3399 | D:4      | Noticed an orc warrior
  3449 | D:4      | Found a shattered altar of Ashenzari.
  4064 | D:4      | Noticed an ogre
  4078 | D:4      | Killed an ogre
  4078 | D:4      | Reached XP level 6. HP: 12/50 MP: 8/8
  4528 | D:4      | Found an ornate altar of the Wu Jian Council.
  4676 | D:4      | Reached skill level 6 in Axes
  5328 | D:5      | Entered Level 5 of the Dungeon
  5338 | D:5      | Reached XP level 7. HP: 50/56 MP: 9/9
  5480 | D:5      | Found a basalt altar of Yredelemnul.
  5693 | D:5      | Noticed Sigmund
  5725 | D:5      | Killed Sigmund
  5725 | D:5      | Reached skill level 7 in Axes
  6234 | D:5      | Found a glowing silver altar of Zin.
  6388 | D:5      | Reached skill level 5 in Shields
  6473 | D:6      | Reached XP level 8. HP: 66/66 MP: 10/10
  6747 | D:6      | Reached skill level 8 in Axes
  7927 | D:7      | Found a staircase to the Ecumenical Temple.
  7929 | D:7      | Noticed a hippogriff
  7944 | D:7      | Killed a hippogriff
  8027 | D:7      | Found a sand-covered staircase.
  8033 | Ossuary  | Entered an ossuary
  8251 | Ossuary  | Reached skill level 5 in Fighting
  8251 | Ossuary  | Reached skill level 9 in Axes
  8372 | D:7      | Reached XP level 9. HP: 47/74 MP: 11/11
  8672 | D:7      | Found a hide-covered altar of Uskayaw.
  8675 | D:7      | Found a burning altar of Makhleb.
  9665 | D:8      | Reached skill level 1 in Evocations
 10169 | D:8      | Reached skill level 10 in Axes
 10222 | D:8      | Found a radiant altar of Vehumet.
 10654 | D:9      | Found a shimmering blue altar of Sif Muna.
 10658 | D:9      | Found a hazy altar of Hepliaklqana.
 11510 | D:9      | Reached XP level 10. HP: 74/83 MP: 14/14
 11688 | D:9      | Found a staircase to the Lair.
 11990 | D:9      | Noticed a two-headed ogre
 12635 | D:9      | Noticed a fire dragon
 12990 | D:10     | Entered Level 10 of the Dungeon
 13093 | D:10     | Noticed a two-headed ogre
 13104 | D:10     | Noticed a deep troll
 13104 | D:10     | a two-headed ogre changed into a deep troll
 13112 | D:10     | Killed a deep troll
 13532 | D:10     | Reached skill level 11 in Axes
 13912 | D:10     | Killed a two-headed ogre
 14091 | D:10     | Noticed Sonja
 14098 | D:10     | Noticed Sonja
 14098 | D:10     | Sonja changed into Sonja the orb spider
 14301 | D:10     | Killed Sonja the orb spider
 14391 | D:10     | Found a portal to a secret trove of treasure.
 14459 | D:10     | Found Engadeza's Weapon Boutique.
 14485 | D:10     | Reached XP level 11. HP: 86/92 MP: 17/17
 16219 | D:11     | Noticed Psyche
 16220 | D:11     | Noticed Psyche
 16220 | D:11     | Psyche changed into Psyche the scorpion
 16229 | D:11     | Killed Psyche the scorpion
 16424 | Lair:1   | Entered Level 1 of the Lair of Beasts
 17312 | Lair:2   | Noticed a four-headed hydra
 17343 | Lair:2   | Found a gate leading to a gauntlet.
 17347 | Gauntlet | Entered a Gauntlet
 17347 | Gauntlet | Found a transporter.
 17353 | Gauntlet | Noticed a death scarab
 17356 | Gauntlet | Found a transporter.
 17376 | Gauntlet | Found a transporter.
 17380 | Gauntlet | Found a transporter.
 17394 | Gauntlet | Found a transporter.
 17407 | Gauntlet | Found a transporter.
 17413 | Gauntlet | Found a transporter.
 17416 | Gauntlet | Found a transporter.
 17418 | Gauntlet | Noticed a thrashing horror
 17419 | Gauntlet | Noticed a death scarab
 17420 | Gauntlet | Noticed a thrashing horror
 17439 | Gauntlet | Found a transporter.
 17442 | Gauntlet | Noticed a glowing orange brain
 17446 | Gauntlet | Noticed a shock serpent
 17446 | Gauntlet | a shock serpent changed into a faun
 17447 | Gauntlet | Found a transporter.
 17447 | Gauntlet | Found a transporter.
 17447 | Gauntlet | Noticed a death drake
 17447 | Gauntlet | a faun changed into a death drake
 17455 | Gauntlet | Found a transporter.
 17462 | Gauntlet | Noticed a sixfirhy
 17463 | Gauntlet | Noticed a sixfirhy
 17566 | Gauntlet | Noticed a glowing orange brain
 17571 | Gauntlet | a glowing orange brain changed into an elephant
 17584 | Gauntlet | Noticed a swamp dragon
 17584 | Gauntlet | a hippogriff changed into a swamp dragon
 17671 | Gauntlet | Killed a death scarab
 17671 | Gauntlet | Reached skill level 5 in Armour
 17704 | Gauntlet | Got a pair of polished boots
 17954 | Gauntlet | Identified the +1 pair of boots of the Shoals {*Drain
                  | Dex+5} (You found it in a Gauntlet)
 17971 | Gauntlet | Noticed a swamp dragon
 17989 | Gauntlet | Reached skill level 12 in Axes
 17989 | Gauntlet | Demolished by a shadow

Levels and vault maps discovered:
D:1:      dpeg_arrival_rhombus, layout_basic, chequers_serial_rivers_marsh
D:2:      layout_loops_ring, lemuel_round_altar
D:3:      layout_loops_corners, tso_metal_star, uniq_terence
D:4:      layout_basic, kennysheep_little_box, first_ration,
          ebering_dispersal_statue_hall, ashenzari_altar_1
D:5:      layout_loops_ring, kennysheep_mini_moat, old_standard_altar,
          uniq_sigmund
D:6:      layout_cave_pods
D:7:      layout_basic, minitemple, temple_pool_b, enter_ossuary_3
D:8:      layout_gridville, vehumet_altar_wand_db
D:9:      dragon1_lemuel, layout_gridville, grunt_temple_overflow_open,
          erik_lair_island
D:10:     layout_irregular_city, nicolae_trove_entry_columns, serial_shops,
          shop_statue, uniq_sonja
D:11:     layout_loops_ring, erik_orc_2, blue_anna_alchemist
          [blue_anna_fruit_fields, blue_anna_fruit_fields], uniq_psyche,
          uniq_grum, uniq_erica
Lair:1:   layout_misc_corridors, minmay_lair_oklob_chamber,
          infiniplex_staircase_pool_2
Lair:2:   cheibrodos_lair_river_kwai, layout_regular_city,
          gammafunk_ghost_berserking_beasts, gauntlet_entry_generic,
          small_statue_intersection, grunt_megastairs_2
Gauntlet: minmay_gauntlet_mixed_oops_all_seconds
          [minmay_gauntlet_arena_77_broken_ladder,
          nicolae_gauntlet_arena_flowing_pool,
          minmay_gauntlet_arena_77_two_lines,
          gammafunk_gauntlet_arena_split_diamond,
          minmay_gauntlet_arena_77_mirror, gammafunk_gauntlet_arena_grid,
          gauntlet_exit_spiral]

Skill      XL: |  1  2  3  4  5  6  7  8  9 10 11 |
---------------+----------------------------------+-----
Axes           | 2 3 4 5 6 7 9 10 11 12 | 12.0
Shields        | 3 4 5 6 7 8 |  8.5
Fighting       | 3 5 6 7 |  7.8
Evocations     | 2 4 |  4.0
Armour         | 4 5 |  5.2

Action                   |  1- 3 |  4- 6 |  7- 9 | 10-12 || total
-------------------------+-------+-------+-------+-------++-------
Melee: War axe           |   106 |   249 |   555 |   389 ||  1299
Throw: Dart              |     1 |    17 |    17 |    21 ||    56
Evoke: Wand              |       |    12 |    22 |    22 ||    56
  Use: Potion            |     1 |     1 |     1 |    10 ||    13
       Scroll            |       |     7 |    13 |    12 ||    32
  Eat: Chunk             |     2 |    12 |    13 |    11 ||    38
       Ration            |       |       |     3 |     5 ||     8
Armor: Scale mail        |    57 |    63 |       |       ||   120
       Chain mail        |       |    33 |       |       ||    33
       Plate armour      |       |    13 |   261 |   184 ||   458
       Skin              |       |       |       |    12 ||    12
Dodge: Dodged            |    38 |    75 |    86 |    58 ||   257
Block: Shield            |    53 |   157 |   268 |   241 ||   719

Table legend:
 A = Non-vault XP
 B = Vault XP
 C = Vault XP percentage of total XP
 D = Non-vault monster count
 E = Vault monster count
 F = Vault count percentage of total count
                 A         B        C        D         E       F
            +---------+---------+-------+---------+---------+-------
      Total |   13817 |    4294 |  23.7 |     282 |      34 |  10.8
            +---------+---------+-------+---------+---------+-------
        D:1 |      54 |       0 |   0.0 |      25 |       0 |   0.0
        D:2 |     148 |       0 |   0.0 |      39 |       0 |   0.0
        D:3 |     122 |      36 |  22.8 |      17 |       1 |   5.6
        D:4 |     445 |       0 |   0.0 |      21 |       0 |   0.0
        D:5 |     617 |     231 |  27.2 |      18 |       1 |   5.3
        D:6 |     995 |       0 |   0.0 |      31 |       0 |   0.0
        D:7 |    1397 |       7 |   0.5 |      32 |       1 |   3.0
        D:8 |    1019 |      44 |   4.1 |      29 |       2 |   6.5
        D:9 |    2411 |     706 |  22.6 |      28 |       7 |  20.0
       D:10 |    4487 |     701 |  13.5 |      25 |       2 |   7.4
       D:11 |    1043 |     279 |  21.1 |      12 |       4 |  25.0
     Lair:1 |    1079 |     105 |   8.9 |       5 |       1 |  16.7
    Ossuary |       0 |     249 | 100.0 |       0 |      12 | 100.0
   Gauntlet |       0 |    1936 | 100.0 |       0 |       3 | 100.0
            +---------+---------+-------+---------+---------+-------
